 Dungeon Crawl Stone Soup version 0.17-a0-1850-g688e747 (webtiles) character file.

465 Ijustatesigmund the Slinger (level 7, -11/44 HPs)
             Began as a Halfling Hunter on Sept 18, 2015.
             Mangled by a gnoll
             ... wielding a +0 flail
              (13 damage)
             ... on level 4 of the Dungeon.
             The game lasted 00:14:09 (4482 turns).

Ijustatesigmund the Slinger (Halfling Hunter)       Turns: 4482, Time: 00:14:09

Health: -11/44     AC:  5    Str: 12    XL:     7   Next: 29%
Magic:  7/7        EV:  9    Int: 10    God:
Gold:   168        SH:  0    Dex: 17    Spells: 0 memorised, 6 levels left

rFire  . . .     SeeInvis .     a - +1 hunting sling
rCold  . . .     Clarity  .     i - +0 ring mail
rNeg   . . .     SustAt   .     (shield restricted)
rPois  .         Gourm    .     (no helmet)
rElec  .         Spirit   .     (no cloak)
rCorr  .         Warding  .     (no gloves)
rMut   +         Stasis   .     (no boots)
MR     .....                    r - amulet of resist mutation
Stlth  +.........               (no ring)
                                (no ring)

@: not resistant to hostile enchantments, very unstealthy
A: mutation resistance 1
a: no special abilities


You were on level 4 of the Dungeon.
You were hungry.

You visited 1 branch of the dungeon, and saw 4 of its levels.

You collected 168 gold pieces.

Inventory:

Hand weapons
 a - a +1 hunting sling (weapon)
 c - a +0 short sword
 y - a +0 dagger of holy wrath
Missiles
 b - 18 sling bullets (quivered)
 f - 30 stones
Armour
 d - a +0 leather armour
 i - a +0 ring mail (worn)
Jewellery
 r - an amulet of resist mutation (around neck)
Magical devices
 u - a wand of slowing (16)
 x - a wand of confusion (32)
Scrolls
 k - 3 scrolls of remove curse
Potions
 m - a potion of might {unknown}
 n - a potion of lignification {unknown}
 o - 2 potions of mutation
 p - a potion of cure mutation {unknown}
 q - a potion of poison {unknown}
 s - a potion of invisibility {unknown}
 t - 2 potions of curing
 w - a potion of flight {unknown}
Comestibles
 e - 6 bread rations
 g - 2 meat rations
 h - a beef jerky
 j - 6 fruits


   Skills:
 - Level 1.7 Fighting
 - Level 5.0 Short Blades
 + Level 8.8 Slings
 + Level 2.5 Armour
 + Level 3.5 Dodging
 - Level 1.1 Stealth


You had 6 spell levels left.
You didn't know any spells.

Dungeon Overview and Level Annotations

Branches:
Dungeon (4/15)             Temple (0/1) D:4

Altars:
Cheibriados
Dithmenos
Fedhas
Qazlal
Xom
Zin

Annotations:
D:4 mcbry74's ghost, average HaHu


Innate Abilities, Weirdness & Mutations

You are small and have problems with some larger weapons.
You are somewhat resistant to further mutation.


Message History

Drink which item? (? for menu, Esc to quit)
It was a potion of curing.
You feel better. The gnoll hits you with a flail!
* * * LOW HITPOINT WARNING * * *
The gnoll closely misses you.
The gnoll shaman mumbles some strange prayers to its god.
The gnoll shaman is healed somewhat.
The gnoll misses you. The gnoll hits you but does no damage.
Read which item? (? for menu, Esc to quit)
Okay, then.
A worm comes into view.
The gnoll hits you but does no damage.
Found an escape hatch in the floor.
The gnoll hits you but does no damage. The gnoll misses you.
The gnoll hits you but does no damage. The gnoll hits you with a flail!
* * * LOW HITPOINT WARNING * * *
There is an escape hatch in the floor here.
The gnoll hits you with a flail!
You die...

#.......
#..........#.......
#..........#.......
#..........#.......
#..........#.......
#..........#.......
#..........#.......
#..........'......(
#.@........#.......
#..g.......###'####
#ggw.......#.))....
#....g.....'.......
#..........#.......
#..........#.......
#..........#.......
#..........#.......
#..........#.......


You could see a gnoll shaman, a worm and 3 gnolls.

Vanquished Creatures
  A phantom (D:3)
  A scorpion (D:4)
  A hound (D:4)
  Jessica (D:2)
  An orc wizard (D:4)
  An orc priest (D:3)
  An iguana (D:4)
  9 gnolls
  An adder (D:4)
  An ooze (D:2)
  2 worms
  5 giant geckos
  9 orcs
  4 bats
  2 giant cockroaches
  10 goblins
  7 hobgoblins
  2 jackals (D:1)
  4 ball pythons
  6 giant newts
  14 kobolds
  A quokka skeleton (D:4)
  7 rats
91 creatures vanquished.

Notes
Turn   | Place    | Note
--------------------------------------------------------------
     0 | D:1      | Ijustatesigmund the Halfling Hunter began the quest for the Orb.
     0 | D:1      | Reached XP level 1. HP: 14/14 MP: 1/1
    99 | D:1      | Reached skill level 1 in Short Blades
    99 | D:1      | Reached skill level 6 in Slings
   110 | D:1      | Reached XP level 2. HP: 16/19 MP: 2/2
   442 | D:1      | Reached XP level 3. HP: 22/24 MP: 3/3
  1092 | D:2      | Noticed Jessica
  1104 | D:2      | Killed Jessica
  1104 | D:2      | Reached skill level 7 in Slings
  1104 | D:2      | Reached XP level 4. HP: 29/29 MP: 4/4
  1241 | D:2      | Reached XP level 5. HP: 19/34 MP: 5/5
  1699 | D:3      | Found a stormy altar of Qazlal.
  1752 | D:3      | HP: 1/34 [orc priest/divine providence (13)]
  1775 | D:3      | Found a shimmering altar of Xom.
  2514 | D:3      | Reached skill level 5 in Short Blades
  2514 | D:3      | Reached XP level 6. HP: 27/39 MP: 6/6
  2602 | D:3      | Found a glowing silver altar of Zin.
  2936 | D:3      | Noticed a phantom
  3067 | D:3      | Reached skill level 8 in Slings
  3096 | D:3      | Found a blossoming altar of Fedhas.
  3262 | D:4      | Found a staircase to the Ecumenical Temple.
  3275 | D:4      | Found a shadowy altar of Dithmenos.
  3303 | D:4      | Reached skill level 1 in Armour
  3457 | D:3      | Killed a phantom
  3457 | D:3      | Reached XP level 7. HP: 13/44 MP: 7/7
  3867 | D:4      | Found a snail-covered altar of Cheibriados.
  4220 | D:4      | Noticed mcbry74's ghost (average HaHu)
  4481 | D:4      | HP: 1/44 [gnoll/flail (8)]
  4482 | D:4      | Mangled by a gnoll

Vault maps used:
D:1:      saegor_arrival_under_anarchy
D:2:      uniq_jessica
D:3:      nicolae_qazlal_general_emergency, nicolae_overflow_crystal_walls,
          lemuel_coloured_pillars_altar, overflow_temple_1_default
D:4:      lemuel_crystal_altar, cheibriados_altar_wand_db,
          minmay_temple_entry_from_below_b, first_bread

Action                   |  1- 3 |  4- 6 |  7- 9 || total
-------------------------+-------+-------+-------++-------
Melee: Short sword       |       |    10 |    15 ||    25
       Dagger            |       |       |    20 ||    20
 Fire: Hunting sling     |   116 |   264 |    55 ||   435
Throw: Throwing net      |       |     1 |       ||     1
  Use: Scroll            |       |     5 |       ||     5
       Potion            |       |     2 |     1 ||     3
  Eat: Chunk             |       |     6 |     2 ||     8
       Fruit             |       |     1 |     1 ||     2
